 Dungeon Crawl Stone Soup version 0.30.0-19-g36f170ea60 (webtiles) character file.

Game seed: 13455630329474557012

143 monsoonserge the Chopper (level 5, -8/38 HPs)
             Began as a Human Wanderer on May 30, 2023.
             Mangled by Sigmund
             ... wielding a +0 scythe
              (11 damage)
             ... on level 4 of the Dungeon.
             The game lasted 00:09:23 (3156 turns).

monsoonserge the Chopper (Human Wanderer)           Turns: 3156, Time: 00:09:23

Health: -8/38      AC:  3    Str: 16    XL:     5   Next: 50%
Magic:  2/6        EV: 11    Int: 17    God:
Gold:   126        SH:  0    Dex: 12    Spells: 5/6 levels left

rFire   . . .        y - +5 mace of the Orb {heavy, Str+4 Int+2}
rCold   . . .        (no shield)
rNeg    . . .        u - +0 leather armour
rPois   .            (no helmet)
rElec   .            (no cloak)
rCorr   .            (no gloves)
SInv    .            (no boots)
Will    .....        (no amulet)
Stlth   +            (no ring)
HPRegen 0.26/turn    (no ring)
MPRegen 0.10/turn

%: no passive effects
@: no status effects
A: no striking features
a: no special abilities


You were on level 4 of the Dungeon.
You visited 1 branch of the dungeon, and saw 4 of its levels.

You collected 126 gold pieces.

Inventory:

Hand Weapons
 a - a +0 hand axe
 c - a +0 dagger
 p - a +0 dagger of venom
 x - a +1 whip of venom
 y - the +5 mace of the Orb (weapon) {heavy, Str+4 Int+2}
   (You found it on level 4 of the Dungeon)

   Str:       It affects your strength (+4).
   Int:       It affects your intelligence (+2).
Missiles
 b - 6 boomerangs (quivered)
 i - 3 javelins
 k - 5 poisoned darts
Armour
 e - a +0 robe
 g - a +0 ring mail
 r - a +0 scale mail
 u - a +0 leather armour (worn)
Magical Staves
 t - a staff of death
Scrolls
 f - a scroll of vulnerability {unknown}
 j - a scroll of noise {unknown}
 l - a scroll of teleportation {unknown}
 n - 2 scrolls of enchant weapon {unknown}
 o - a scroll of identify {unknown}
 s - a scroll of silence {unknown}
 z - a scroll of enchant armour {unknown}
Potions
 d - 4 potions of curing
 m - a potion of magic {unknown}
 q - a potion of haste
 v - a potion of lignification {unknown}
 w - a potion of resistance {unknown}
 A - a potion of flight {unknown}


   Skills:
 + Level 1.7 Fighting
 - Level 3.9 Axes
 + Level 2.0 Throwing
 * Level 0.7 Armour
 + Level 1.1 Dodging
 - Level 1.0 Stealth
 - Level 1.0 Spellcasting
 * Level 3.8 Necromancy
 + Level 0.1 Evocations


You had 5 spell levels left.
You knew the following spells:

 Your Spells              Type           Power      Damage    Failure   Level
a - Necrotise             Necr           52%        1d6       5%          1

Your spell library contained the following spells:

 Spells                   Type           Power      Damage    Failure   Level
 Lesser Beckoning         Tloc           0%         N/A       36%         2
 Animate Dead             Necr           13%        N/A       50%         4
 Dispel Undead            Necr           13%        3d9       50%         4
 Gell's Gravitas          Tloc           0%         N/A       61%         3
 Teleport Other           Tloc           0%         N/A       61%         3


Dungeon Overview and Level Annotations

Branches:
Dungeon (4/15)
 Temple: D:4-7

Altars:

Shops:
D:1 *

Annotations:
D:4 Sigmund


Message History

Sigmund barely resists.
Sigmund casts a spell at you. You resist with some effort.
Casting: Necrotise (safe; 5% risk of failure)
Confirm with . or Enter, or press ? or * to list all spells.
Aiming: Necrotise (safe; 5% risk of failure)
Press: ? - help, Shift-Dir - straight line, f/p - Sigmund
Aim: Sigmund, wielding a +0 scythe and wearing a +0 robe (fast, chance to affect: 76%)
Okay, then.
Sigmund closely misses you.
You hit Sigmund.
Sigmund is moderately wounded.
Sigmund mumbles some strange words.
Sigmund flickers and vanishes!
Deactivating autopickup; reactivate with Ctrl-A.
Something hits you! x2
* * * LOW HITPOINT WARNING * * *
It was a potion of heal wounds.
You feel much better. Something hits you.
You closely miss something. Something hits you!
Something hits you but does no damage.
You miss something.
You hear some strange, mumbled words.
Something tries to affect you, but you resist.
Something hits you but does no damage.
You sock something!
You hear some strange, mumbled words.
Something tries to affect you, but you resist.
Something hits you but does no damage.
You miss something. Something hits you. Something hits you!
You miss something. Something hits you!
* * * LOW HITPOINT WARNING * * *
Something hits you.
* * * LOW HITPOINT WARNING * * *
Okay, then.
Casting: Necrotise (safe; 5% risk of failure)
Confirm with . or Enter, or press ? or * to list all spells.
Aiming: Necrotise (safe; 5% risk of failure)
Press: ? - help, Shift-Dir - straight line Something writhes in agony.
Something hits you!
You die...

.. .# ## .# .# .# ..
##.## #.# #...# #.#
#..# #.# #{# #.# #@#
#.######.######
#######.....†.........
.........#############
######...#
########.#.#.##
................
##..####.#.#.### #..#
##...##


There were no monsters in sight!

Vanquished Creatures
  2 iguanas (D:4)
  An adder (D:3)
  2 worms (D:2)
  3 dart slugs
  2 orcs (D:3)
  4 ball pythons
  4 endoplasms
  5 giant cockroaches
  5 goblins
  8 hobgoblins
  3 jackals (D:2)
  7 kobolds
  2 quokkas
  7 bats
  4 frilled lizards
  5 rats
64 creatures vanquished.

Notes
Turn   | Place    | Note
-------+----------+-------------------------------------------
     0 | D:1      | monsoonserge the Human Wanderer began the quest for the
                  | Orb.
     0 | D:1      | monsoonserge set off with the following items: a +0 hand
                  | axe, 6 boomerangs, a +0 dagger, a potion of curing, a +0
                  | robe; and the following spell memorised: Necrotise; and the
                  | following spells available to memorise: Animate Dead,
                  | Dispel Undead.
     0 | D:1      | Reached XP level 1. HP: 15/15 MP: 2/2
   142 | D:1      | Found Esopynk's General Store.
   207 | D:1      | Reached XP level 2. HP: 9/21 MP: 3/3
   633 | D:1      | Reached XP level 3. HP: 25/26 MP: 4/4
  1281 | D:2      | Reached XP level 4. HP: 32/32 MP: 1/5
  2420 | D:3      | Reached skill level 1 in Dodging
  2933 | D:4      | Identified the +5 mace of the Orb {heavy, Str+4 Int+2}
  2957 | D:4      | Noticed an ogre
  3110 | D:4      | Reached XP level 5. HP: 26/38 MP: 1/6
  3138 | D:4      | Noticed Sigmund
  3156 | D:4      | Mangled by Sigmund

Illustrated notes

Levels and vault maps discovered:
D:1:      dpeg_arrival_oval, layout_basic, serial_shops, shop,
          patterned_corridor
D:2:      layout_basic
D:3:      layout_basic
D:4:      layout_loops_ring, grunt_temple_overflow_cloverleaf,
          general_overflow_altar, serial_shops,
          nicolae_shop_pleasant_corner_grove, uniq_sigmund, uniq_duvessa

Skill      XL: |  1  2  3  4 |
---------------+-------------+-----
Necromancy     | 3 |  3.8
Dodging        | 1 |  1.1
Fighting       | |  1.7
Axes           | |  3.9
Throwing       | |  2.0
Armour         | |  0.7
Stealth        | |  1.0
Spellcasting   | |  1.0
Evocations     | |  0.1

Action                     |  1- 3 |  4- 6 || total
---------------------------+-------+-------++-------
  Melee: Hand axe          |    90 |    20 ||   110
         Punch             |     2 |       ||     2
         Staff             |       |     3 ||     3
         Mace              |       |    10 ||    10
   Cast: Necrotise         |    24 |    35 ||    59
    Use: Potion            |       |     1 ||     1
   Stab: Sleeping          |     2 |     4 ||     6
 Armour: Robe              |    22 |     3 ||    25
         Leather armour    |       |     5 ||     5
  Dodge: Dodged            |    58 |    22 ||    80
